AoeStats
← Galagorth

Fortress

509551584Analyzed
4v4 RM · 5d ago on Sep 27, 2026· 43m 16s· 8 players
Game mode
Random Map
Map size
Huge
Population
200
Speed
Normal
Resources
Standard
Victory
Conquest
Starting age
Dark Age
Ending age
Imperial Age
RankedLock teamsTeams togetherTeam positionsShared explorationLock speedFull tech treeHidden civsTurbo modeCheats
Victory
Defeat
🇺🇸 Hindustanis · United States
1093
+14
🇵🇪 Bohemians · Peru
1054
+16
🇮🇳 Portuguese · India
1035
+17
🇵🇪 Burgundians · Peru
1030
+17
🇨🇳 Franks · China
1071
-17
1069
-17
🇹🇼 Huns · Taiwan
1031
-15
🇺🇸 Teutons · United States
1031
-15
SRBinBlue
6:52 Feudal Age
11:08 Castle Age
9:34 Double-Bit Axe
14:28 Wheelbarrow
14:28 Horse Collar
15:02 Loom
18:45 Bow Saw
23:46 Imperial Age
21:53 Scale Barding Armor
22:52 Chain Barding Armor
24:49 Bloodlines
24:40 Husbandry
25:51 Gold Mining
26:43 Plate Barding Armor
26:08 Heavy Camel Rider
27:51 Forging
30:06 Iron Casting
30:06 Town Watch
30:37 Hand Cart
30:32 Heavy Plow
31:36 Two-Man Saw
31:36 Fletching
32:47 Blast Furnace
32:25 Imperial Camel Rider
35:14 Stone Mining
37:45 Conscription
marshall_o18
0:29 Loom
6:01 Feudal Age
12:26 Castle Age
10:39 Double-Bit Axe
20:20 Imperial Age
19:53 Horse Collar
21:17 Chemistry
21:33 Pikeman
28:46 Halberdier
29:26 Squires
29:12 Arson
35:23 Fletching
35:34 Padded Archer Armor
37:10 Leather Archer Armor
40:18 Heavy Plow
41:39 Scale Mail Armor
41:50 Forging
41:48 Houfnice
43:39 Chain Mail Armor
43:59 Iron Casting
43:20 Bodkin Arrow
43:41 Bow Saw
Galagorth
7:36 Feudal Age
6:19 Double-Bit Axe
6:18 Horse Collar
6:59 Gold Mining
9:16 Bow Saw
10:00 Stone Mining
10:59 Heavy Plow
18:38 Castle Age
18:12 Stone Shaft Mining
23:38 Forging
23:34 Scale Barding Armor
24:16 Husbandry
23:51 Cavalier
26:18 Iron Casting
27:38 Wheelbarrow
28:21 Two-Man Saw
28:22 Gold Shaft Mining
29:17 Hand Cart
30:30 Chain Barding Armor
33:56 Imperial Age
32:12 Burgundian Vineyards
33:07 Padded Archer Armor
32:56 Loom
32:56 Town Watch
35:01 Conscription
34:03 Elite Coustillier
35:31 Plate Barding Armor
35:58 Blast Furnace
36:26 Blast Furnace
41:42 Scale Mail Armor
41:33 Fletching
41:21 Spies/Treason
43:32 Hoardings
42:29 Flemish Revolution
43:15 Leather Archer Armor
42:56 Bodkin Arrow
42:44 Treadmill Crane
44:05 Chemistry
43:31 Chain Mail Armor
43:46 Squires
43:35 Arson
MOJO JOJO
7:30 Feudal Age
12:17 Castle Age
11:57 Gold Mining
14:03 Horse Collar
14:39 Loom
17:35 Double-Bit Axe
25:10 Imperial Age
25:03 Bow Saw
25:09 Heavy Plow
26:08 Ballistics
26:21 Fletching
27:37 Chemistry
26:45 Stone Mining
28:37 Conscription
31:13 Bodkin Arrow
32:54 Elite Organ Gun
34:33 Wheelbarrow
35:03 Siege Engineers
38:53 Arquebus
root
8:31 Feudal Age
9:11 Double-Bit Axe
13:10 Castle Age
13:01 Horse Collar
13:59 Gold Mining
14:22 Bow Saw
20:57 Imperial Age
21:14 Wheelbarrow
22:46 Chemistry
22:13 Ironclad
24:06 Two-Man Saw
28:23 Hand Cart
27:54 Loom
29:55 Ballistics
29:38 Elite Skirmisher
30:17 Fletching
30:27 Padded Archer Armor
夏陌
9:55 Feudal Age
14:24 Castle Age
12:27 Double-Bit Axe
12:25 Horse Collar
16:36 Bow Saw
16:30 Heavy Plow
20:10 Scale Barding Armor
22:04 Chain Barding Armor
28:05 Imperial Age
25:39 Marauders
27:01 Wheelbarrow
26:11 Loom
29:00 Hand Cart
29:10 Husbandry
29:21 Bloodlines
30:41 Plate Barding Armor
30:17 Forging
33:09 Iron Casting
34:45 Conscription
33:50 Elite Tarkan
34:58 Fletching
35:09 Padded Archer Armor
34:32 Cavalier
37:05 Two-Man Saw
36:08 Bodkin Arrow
35:44 Heavy Cavalry Archer
36:49 Parthian Tactics
36:30 Thumb Ring
啵啵鱼
7:45 Feudal Age
12:03 Castle Age
10:02 Double-Bit Axe
14:09 Bow Saw
14:57 Loom
20:15 Wheelbarrow
19:26 Town Watch
22:08 Hand Cart
26:01 Imperial Age
25:44 Forging
25:34 Scale Mail Armor
25:40 Scale Barding Armor
25:39 Husbandry
25:57 Town Patrol
26:16 Cavalier
28:51 Chain Barding Armor
29:06 Iron Casting
29:01 Conscription
28:40 Gold Mining
28:45 Stone Mining
29:27 Treadmill Crane
31:10 Chemistry
30:49 Plate Barding Armor
32:27 Blast Furnace
31:49 Paladin
32:59 Chivalry
36:36 Chain Mail Armor
36:14 Arson
37:04 Elite Throwing Axeman
37:13 Elite Throwing Axeman
Mine Blasting Horse Dog
0:35 Loom
7:53 Feudal Age
8:37 Double-Bit Axe
8:35 Horse Collar
16:15 Castle Age
14:21 Stone Mining
14:39 Gold Mining
18:00 Bow Saw
19:01 Heavy Plow
19:38 Gold Shaft Mining
27:01 Imperial Age
27:24 Forging
27:16 Scale Mail Armor
26:41 Elite Skirmisher
28:28 Conscription
27:34 Pikeman
27:43 Elite Varangian Guard
28:27 Squires
31:22 Two-Man Saw
30:56 Crop Rotation
31:05 Iron Casting
30:46 Chain Mail Armor
30:24 Arson
Connection lost

Rejoining the realm…

Still unreachable

The connection could not be restored.

Session expired

The server has moved on; the page needs a fresh start.